 Dungeon Crawl Stone Soup version 0.31-a0-175-g9f7f995f2b (webtiles) character file.

Game seed: 4752395076724139542

37 Monkooky the Sneak (level 3, -7/19 HPs)
             Began as a Vampire Delver on June 16, 2023.
             Mangled by a bullfrog (9 damage)
             ... in a sewer.
             The game lasted 00:02:38 (449 turns).

Monkooky the Sneak (Vampire Delver)                  Turns: 449, Time: 00:02:38

Health: -7/19      AC:  0    Str:  9 (11) XL:     3   Next: 23%
Magic:  1/3        EV: 19    Int: 10 (12) God:
Gold:   0          SH:  0    Dex: 20 (22) Spells: 2/2 levels left

rFire   . . .        a - melded +0 short sword
rCold   + + .        (shield currently unavailable)
rNeg    + + +        b - melded +0 leather armour
rPois   ∞            (helmet currently unavailable)
rElec   .            (cloak currently unavailable)
rCorr   .            (gloves currently unavailable)
SInv    +            (boots currently unavailable)
Will    .....        (no amulet)
Stlth   ++++++       (ring currently unavailable)
HPRegen 0.00/turn    (ring currently unavailable)
MPRegen 0.08/turn

%: no passive effects
@: bat-form, flying, bloodless, inhibited regen, very quick
A: fast, flying, no casting, tiny, bloodless, fangs 3, see invisible, vampiric
2, [frail 1]
a: Revivify, End Transformation


You were in a sewer.
You were a vampire bat.
You visited 1 branch of the dungeon, and saw 1 of its levels.
You also visited: Sewer.

Inventory:

Hand Weapons
 a - a +0 short sword (melded)
Armour
 b - a +0 leather armour (melded)
Jewellery
 e - an amulet of the acrobat
Wands
 g - a wand of digging (3)
 h - a wand of polymorph (4)
Scrolls
 c - a scroll of fog
 d - a scroll of revelation
Potions
 f - a potion of haste


   Skills:
 - Level 2.6 Fighting
 + Level 4.1 Short Blades
 - Level 2.1 Dodging
 - Level 7.2 Stealth


You had 2 spell levels left.
You didn't know any spells.
Your spell library was empty.

Dungeon Overview and Level Annotations

Branches:
Dungeon (5/15)              Sewer (1/1)
 Temple: D:4-7

Altars:


Innate Abilities, Weirdness & Mutations

You are a vampire bat.
You are tiny and dextrous.
You move quickly.
You are flying.
You are immune to poison.
Your equipment is almost entirely melded.
You are incapable of wielding weapons or throwing items.
You cannot cast spells.
You do not regenerate when monsters are visible.
You are frail without blood (-20% HP).
You can heal yourself when you bite living creatures.
You are immune to poison.
You have razor-sharp teeth.
You have supernaturally acute eyesight. (SInv)
You are afflicted with vampirism and can become a bat while bloodless.
[You are frail. (-10% HP)]


Message History

2 bullfrogs come into view.
The bullfrog gives a loud, deep croak!
You begin bloodletting.
You continue bloodletting.
The bullfrog hits you!
Keep bloodletting? [Y]es or [N]o only, please.
Keep bloodletting?
The bullfrog hits you.
You continue bloodletting.
The bullfrog barely misses you.
You continue bloodletting.
The bullfrog hits you. The bullfrog barely misses you.
You continue bloodletting.
The bullfrog croaks.
The bullfrog completely misses you.
You continue bloodletting.
The bullfrog closely misses you. The bullfrog hits you. The bullfrog hits you!
* * * LOW HITPOINT WARNING * * *
You become bloodless.
As you read the scroll of fear, it crumbles to dust.
You assume a fearsome visage.
The bullfrog looks frightened! x2
You see here 12 gold pieces.
You see here an amulet of the acrobat.
e - an amulet of the acrobat Cornered, the bullfrog turns to fight!
You see here a wand of polymorph (4).
h - a wand of polymorph (4) Cornered, the bullfrog turns to fight!
You fail to use your ability.
The bullfrog barely misses you.
The bullfrog swells and bulges.
Okay, then.
You turn into a vampire bat.
Your +0 short sword melds into your body.
Your +0 leather armour melds into your body.
You feel weakened.
You feel dopey.
You feel clumsy. The bullfrog misses you. The bullfrog closely misses you.
You see here a scroll of fog.
You see here 2 brown potions.
The bullfrog hits you!
You die...

##~~.~~.~~~~.~~##
##.~~~~#####~~~~~#
#~~~~###~~~###.~~#
#~~~##~~.~~~~##~~##
##~~##.~.~~~~~.##~.##
#~..#~~~~~~.~~~.~.~~#
#†.##.~~#######~~~~~#
##.~#~..##≈~~~~###~#######
#~~~#~~##≈~~~~Fb~###~~.~~#
#~~##~~#≈~...~F~~~.#.~.~~#
#~~#~.##≈~.?..~##††#~††~~#
#~~#..#≈~.[!$~~~#..#†~#~.#
#~~#~~#≈~.?.~~~~#~.#~~#~~#
#~~#..#≈~~..~...#~~##~#~~#
#~~#~~#≈≈~..~~~≈#~.~#~#~~#
#~.#~~#≈≈~~~~~~≈#~.∩#~#†~#
#~~#~~##≈≈~~~~≈##~~.#~#.~#


You could see 2 bullfrogs.

Vanquished Creatures
  An adder (Sewer)
  6 ball pythons (Sewer)
  4 endoplasms (Sewer)
  6 giant cockroaches (Sewer)
  3 quokkas (Sewer)
  5 frilled lizards (Sewer)
25 creatures vanquished.

Notes
Turn   | Place    | Note
-------+----------+-------------------------------------------
     0 | D:5      | Monkooky the Vampire Delver began the quest for the Orb.
     0 | D:5      | Reached XP level 1. HP: 17/17 MP: 1/1
    20 | D:5      | Found a glowing drain.
    57 | Sewer    | Entered a sewer
   194 | Sewer    | Reached XP level 2. HP: 18/20 MP: 2/2
   363 | Sewer    | Gained mutation: You are afflicted with vampirism and can
                  | become a bat while bloodless. [Vampire growth]
   363 | Sewer    | Reached XP level 3. HP: 25/25 MP: 3/3
   427 | Sewer    | Noticed a bullfrog
   427 | Sewer    | Noticed a bullfrog
   449 | Sewer    | Mangled by a bullfrog

Illustrated notes

Levels and vault maps discovered:
D:5:      layout_basic, grunt_temple_overflow_opulence, lemuel_round_altar,
          cheibrodos_sewer_entry_drain, grunt_ministairs_12
Sewer:    sewer_frog_island_02

Skill      XL: |  1  2 |
---------------+-------+-----
Short Blades   | 3 4 |  4.1
Fighting       | |  2.6
Dodging        | |  2.1
Stealth        | |  7.2

Action                     || total
---------------------------++-------
  Melee: Short sword       ||   128
         Bite              ||    12
         Punch             ||     3
Ability: Exsanguinate      ||     2
         Revivify          ||     1
         Bat Form          ||     1
    Use: Scroll            ||     1
   Stab: Sleeping          ||     2
 Armour: Leather armour    ||    37
  Dodge: Dodged            ||   107

Table legend: (Time is in decaauts)
 A = Elapsed time spent in this place.
 B = Non-inter-level travel time spent in this place.
 C = Inter-level travel time spent in this place.
 D = Time resting spent in this place.
 E = Time spent auto-exploring this place.
 F = Levels seen in this place.
 G = Mean time per level.
                   A        B        C        D        E       F      G
               +--------+--------+--------+--------+--------+-----+--------+
         Total |    495 |    495 |      0 |     24 |     83 |   2 |  247.5 |
       Dungeon |     59 |     59 |      0 |      0 |      0 |   1 |   59.0 |
         Sewer |    435 |    435 |      0 |     24 |     83 |   1 |  435.0 |
               +--------+--------+--------+--------+--------+-----+--------+

Top non-repeatable levels by time:
   Sewer: 435 daAuts
     D:5: 59 daAuts
